 Dungeon Crawl Stone Soup version 0.27-a0-819-g058290f16d (webtiles) character file.

Game seed: 14117977531238537796

56 jasper the Sneak (level 3, -2/29 HPs)
             Began as a Demonspawn Delver on Mar 29, 2021.
             Was a Follower of Nemelex Xobeh.
             Slain by an orange demon (10 damage)
             ... summoned by the player character
             ... on level 4 of the Dungeon.
             The game lasted 00:04:31 (2365 turns).

jasper the Sneak (Demonspawn Delver)                Turns: 2365, Time: 00:04:31

Health: -2/29      AC:  7    Str: 13    XL:     3   Next: 71%
Magic:  4/4        EV: 10    Int: 11    God:    Nemelex Xobeh [*.....]
Gold:   78         SH:  0    Dex: 14    Spells: 2/2 levels left

rFire    . . .     SeeInvis .   l - +0 war axe
rCold    . . .     Faith    .   (no shield)
rNeg     . . .     Spirit   .   i - +0 ring mail
rPois    +         Reflect  .   (no helmet)
rElec    .         Harm     .   (no cloak)
rCorr    .         Rampage  .   (no gloves)
Will     .....                  (no boots)
Stlth    ++........             (no amulet)
HPRegen  0.09/turn              f - ring of poison resistance
MPRegen  0.09/turn              (no ring)

@: no status effects
A: molten scales 1
a: Renounce Religion, Draw Escape, Draw Destruction, Draw Summoning


You were on level 4 of the Dungeon.
You worshipped Nemelex Xobeh.
Nemelex Xobeh was aware of your devotion.
You visited 1 branch of the dungeon, and saw 5 of its levels.

You collected 78 gold pieces.

Inventory:

Hand Weapons
 a - a +0 hand axe
 l - a +0 war axe (weapon)
Missiles
 q - 13 stones (quivered)
Armour
 b - a +0 leather armour
 i - a +0 ring mail (worn)
Jewellery
 f - a ring of poison resistance (left hand)
Wands
 g - a wand of digging (3)
Scrolls
 c - a scroll of fog
 d - a scroll of magic mapping
 h - 2 scrolls of noise {unknown}
 j - 2 scrolls of identify {unknown}
 m - a scroll of fear
 o - a scroll of teleportation {unknown}
Potions
 e - 2 potions of curing {unknown}
 k - 2 potions of degeneration {unknown}
 n - a potion of lignification {unknown}
 p - a potion of brilliance {unknown}


   Skills:
 + Level 3.4 Fighting
 * Level 2.6 Axes
 + Level 1.1 Armour
 - Level 1.7 Dodging
 - Level 4.5 Stealth
 + Level 1.8 Invocations


You had 2 spell levels left.
You didn't know any spells.
Your spell library contained the following spells:

 Spells                   Type           Power      Damage    Failure   Level
 Confusing Touch          Hex            0%         N/A       92%         3
 Gell's Gravitas          Tloc           0%         N/A       92%         3
 Petrify                  Tmut/Erth      0%         N/A       100%        4
 Metabolic Englaciation   Hex/Ice        0%         N/A       100%        5
 Yara's Violent Unravell  Hex/Tmut       0%         3d3       100%        5


Dungeon Overview and Level Annotations

Branches:
Dungeon (5/15)
 Temple: D:4-7

Altars:
Nemelex Xobeh

Annotations:
D:3 Jessica


Innate Abilities, Weirdness & Mutations

You are partially covered in molten scales. (AC +2)


Message History

The acid dragon roars!
The acid dragon convulses!
The acid dragon spits acid at you. The splash of acid hits you!
You are splashed with acid!
* * * LOW HITPOINT WARNING * * *
You take 22 damage, and have 7/29 hp.
MASSIVE DAMAGE!!
You draw a card...
You have drawn the Storm.
A fierce wind blows from the card.
You hear a mighty peal of thunder!
You hear an angry hiss.
You draw a card...
You have drawn the Orb.
Press: ? - help, Shift-Dir - straight line, f/p - acid dragon
Aim: an acid dragon (heavily wounded, catching its breath, misshapen and mutated)
Your orb of destruction hits a rock wall. x6
A quokka skeleton comes into view.
You draw a card...
You have drawn the Orb.
Press: ? - help, Shift-Dir - straight line, f/p - acid dragon
Aim: an acid dragon (heavily wounded, catching its breath, misshapen and mutated)
Your orb of destruction hits a rock wall. x5
You draw a card...
You have drawn the Storm.
A fierce wind blows from the card.
The electrical discharge engulfs the acid dragon!
The acid dragon is severely wounded.
You hear mighty peals of thunder!
You hear a shout!
You hear a bark!
You draw a card...
You have drawn Degeneration.
The acid dragon evaporates and reforms as a swamp drake!
The swamp drake twists and deforms.
The quokka skeleton is dazed by the mutagenic energy.
The deck of cards glows slightly and disappears.
You draw a card...
You have drawn the Pentagram.
The swamp drake breathes poison at you.
The noxious blast engulfs your hell hound but does no damage.
You slash the orange demon!
The orange demon is lightly wounded.
Your hell hound barely misses the swamp drake.
The swamp drake bites your hell hound but does no damage.
The quokka skeleton is lost in a daze.
The orange demon stings you!
You die...
Your body disappears without a glow. ... #.#........ #. #.........# ......... ....... ### ○○○○○ ... ○kZ

### #h###
#@#..
#4#.#
#.#.#
#.#.#
#...#
#.........
#.########
..# #.##


You could see an orange demon (summoned), a swamp drake (catching breath,
misshapen, ally target), a quokka skeleton (dazed) and a friendly hell hound
(summoned).

Vanquished Creatures
  A dart slug (D:2)
  2 orcs (D:3)
  6 endoplasms
  7 goblins (D:1)
  6 hobgoblins
  2 quokkas
  5 ball pythons
  5 bats
  2 frilled lizards
  5 kobolds
  6 rats
47 creatures vanquished.

Notes
Turn   | Place    | Note
-------+----------+-------------------------------------------
     0 | D:5      | jasper the Demonspawn Delver began the quest for the Orb.
     0 | D:5      | Reached XP level 1. HP: 18/18 MP: 1/1
     3 | D:5      | Became a worshipper of Nemelex Xobeh the Trickster
    12 | D:4      | Noticed a jelly
   766 | D:3      | Gained mutation: You are partially covered in molten
                  | scales. (AC +2) [demonic ancestry]
   766 | D:3      | Reached XP level 2. HP: 24/24 MP: 2/2
   771 | D:3      | Noticed Jessica
   857 | D:2      | Reached skill level 1 in Invocations
  1047 | D:2      | Reached * piety under Nemelex Xobeh
  1227 | D:1      | Reached XP level 3. HP: 25/29 MP: 4/4
  1628 | D:1      | Received a gift from Nemelex Xobeh
  1639 | D:1      | Reached skill level 1 in Armour
  2297 | D:2      | You fall into a shaft and drop 2 floors!
  2355 | D:4      | Noticed a scorpion
  2357 | D:4      | Noticed an acid dragon
  2357 | D:4      | a scorpion changed into an acid dragon
  2363 | D:4      | Noticed a swamp drake
  2363 | D:4      | an acid dragon changed into a swamp drake
  2364 | D:4      | Noticed an orange demon
  2365 | D:4      | Slain by an orange demon

Illustrated notes

Levels and vault maps discovered:
D:1:      tarquinn_simple_flora_water_a, layout_basic
D:2:      layout_loops_cross, old_standard_altar, ashenzari_conservatory_becter,
          old_standard_altar, minmay_fractal_squares_gapless_5
D:3:      minmay_spotlight, layout_loops_ring, kennysheep_jessica_study
D:4:      layout_loops_ring, kennysheep_mini, chequers_serial_rivers_micro_b,
          lemuel_statue_altar
D:5:      layout_basic, gammafunk_temple_overflow_claw,
          nemelex_xobeh_ov_fountains_minmay, minmay_temple_entry_stoned_glass,
          ebering_ghost_disaster_area, minmay_misc_feat_doors, minivault_27,
          uniq_prince_ribbit1

Skill      XL: |  1  2  3 |
---------------+----------+-----
Axes           | 2 |  2.6
Invocations    | 1 |  1.8
Armour         | 1 |  1.1
Fighting       | |  3.4
Dodging        | |  1.7
Stealth        | |  4.5

Action                   || total
-------------------------++-------
Melee: Hand axe          ||    44
       War axe           ||    87
Throw: Stone             ||    34
Invok: Draw Destruction  ||     8
       Draw Summoning    ||     1
  Use: Scroll            ||     1
       Potion            ||     1
 Stab: Sleeping          ||     1
Armor: Ring mail         ||    56
       Leather armour    ||     1
Dodge: Dodged            ||    71

Table legend: (Time is in decaauts)
 A = Elapsed time spent in this place.
 B = Non-inter-level travel time spent in this place.
 C = Inter-level travel time spent in this place.
 D = Time resting spent in this place.
 E = Time spent auto-exploring this place.
 F = Levels seen in this place.
 G = Mean time per level.
                   A        B        C        D        E       F      G
               +--------+--------+--------+--------+--------+-----+--------+
         Total |   2396 |   2362 |     34 |    775 |    973 |   5 |  479.2 |
       Dungeon |   2396 |   2362 |     34 |    775 |    973 |   5 |  479.2 |
               +--------+--------+--------+--------+--------+-----+--------+

Top non-repeatable levels by time:
     D:1: 1145 daAuts
     D:3: 773 daAuts
     D:2: 340 daAuts
     D:4: 109 daAuts
     D:5: 27 daAuts
